 Dungeon Crawl Stone Soup version 0.30.1-4-g462c640d31 (webtiles) character file.

Game seed: 14944498848000495844

1556 croobank the Chiller (level 8, -2/60 HPs)
             Began as a Demonspawn Ice Elementalist on Sept 3, 2023.
             Was an Initiate of Gozag.
             Engulfed by a cloud of steam (8 damage)
             ... on level 6 of the Dungeon.
             The game lasted 00:27:40 (5826 turns).

croobank the Chiller (Demonspawn Ice Elementalist)  Turns: 5826, Time: 00:27:41

Health: -2/60      AC:  6    Str:  8    XL:     8   Next: 58%
Magic:  7/14       EV: 13    Int: 18    God:    Gozag
Gold:   361        SH:  0    Dex: 15    Spells: 1/15 levels left

rFire   . . .        a - +4 dagger (drain)
rCold   . . .        (no shield)
rNeg    . . .        m - +1 robe {Will+}
rPois   .            (helmet restricted)
rElec   .            (no cloak)
rCorr   +            (no gloves)
SInv    .            (no boots)
Will    +....        (no amulet)
Stlth   +++          t - ring of resist corrosion
HPRegen 0.30/turn    (no ring)
MPRegen 0.14/turn

%: no passive effects
@: gold aura, very slightly contaminated
A: horns 2, thin metallic scales 2, foul stench 1, powered by death 1
a: Renounce Religion, Potion Petition, Call Merchant, Bribe Branch


You were on level 6 of the Dungeon.
You worshipped Gozag.
Gozag was aware of your devotion.
You visited 2 branches of the dungeon, and saw 7 of its levels.

You collected 412 gold pieces.
You paid 51 gold pieces to Gozag.

Inventory:

Hand Weapons
 a - a +4 dagger of draining (weapon)
 b - a +0 sling
 d - a +2 falchion of flaming
 e - a +0 dagger of speed
 g - a +0 dagger of venom
 h - a +0 spear
 x - a +1 rapier of venom
Missiles
 f - 16 poisoned darts
Armour
 i - a +0 leather armour
 m - a +1 robe of willpower (worn)
Jewellery
 t - a ring of resist corrosion (left hand)
Wands
 s - a wand of digging (6)
Scrolls
 c - a scroll of magic mapping
 l - a scroll of fear
 n - a scroll of immolation
 o - 2 scrolls of summoning {unknown}
 r - 3 scrolls of blinking
 v - a scroll of silence {unknown}
Potions
 j - a potion of attraction
 k - 2 potions of haste
 p - a potion of mutation
 q - a potion of curing
 u - a potion of brilliance {unknown}
 w - a potion of lignification {unknown}
 z - a potion of heal wounds {unknown}


   Skills:
 + Level 3.8 Fighting
 + Level 4.2 Dodging
 + Level 4.6 Stealth
 + Level 4.4 Spellcasting
 + Level 0.3 Conjurations
 * Level 4.3 Summonings
 + Level 5.4 Ice Magic
 + Level 0.2 Air Magic
 + Level 0.3 Poison Magic


You had one spell level left.
You knew the following spells:

 Your Spells              Type           Power      Damage    Failure   Level
a - Freeze                Ice            92%        1d9       1%          1
b - Frozen Ramparts       Ice            46%        1d7       4%          3
c - Ozocubu's Armour      Ice            23%        N/A       4%          3
d - Summon Ice Beast      Ice/Summ       21%        N/A       19%         4
e - Mephitic Cloud        Conj/Pois/Air  4%         N/A       36%         3

Your spell library contained the following spells:

 Spells                   Type           Power      Damage    Failure   Level
 Magic Dart               Conj           20%        1d4       13%         1
 Call Imp                 Summ           38%        N/A       3%          2
 Hailstorm                Conj/Ice       14%        3d5       13%         3
 Ignite Poison            Fire/Tmut/Pois 4%         N/A       38%         3
 Ice Form                 Ice/Tmut       13%        N/A       41%         4
 Sticky Flame             Conj/Fire      4%         2d3       78%         4
 Ignition                 Fire           1%         3d3       100%        8
 Simulacrum               Ice/Necr       Unusable   N/A       N/A         6

Dungeon Overview and Level Annotations

Branches:
Dungeon (6/15)             Temple (1/1) D:5

Altars:
Fedhas
Gozag
Kikubaaqudgha
Nemelex Xobeh
Okawaru

Shops:
D:1 :*:[   D:3 =

Annotations:
D:3 1 runed translucent door, Crazy Yiuf


Innate Abilities, Weirdness & Mutations

You have a pair of horns on your head.
You are mostly covered in thin metallic scales. (AC +3)
You may rarely emit foul miasma when damaged in melee.
You regenerate a little health from kills.


Message History

The steam dragon claws you but does no damage.
You barely miss the steam dragon.
The steam dragon is almost dead.
The steam dragon bites you!
* * * LOW HITPOINT WARNING * * *
The steam dragon barely misses you.
Casting: Ozocubu's Armour (dangerous; 4% risk of failure)
Confirm with . or Enter, or press ? or * to list all spells.
Aiming: Freeze (safe; 1% risk of failure)
Press: ? - help, Shift-Dir - straight line, f - steam dragon
Aim: a steam dragon (steam, almost dead)
You miscast Freeze.
You are very lightly contaminated with residual magic.
Nothing appears to happen.
The steam dragon breathes steam at you. The ball of steam hits you!
* * * LOW HITPOINT WARNING * * *
The heat melts your icy armour.
Your icy armour will break if you move.
Continue? [Y]es or [N]o only, please.
Your icy armour will break if you move.
Continue?
Okay, then.
Unknown command.
You feel better.
You are engulfed in a cloud of scalding steam.
Your icy armour melts away.
* * * LOW HITPOINT WARNING * * *
The steam dragon bites you.
* * * LOW HITPOINT WARNING * * *
You emit a cloud of foul miasma!
The steam dragon barely misses you.
Casting: Freeze (safe; 1% risk of failure)
Confirm with . or Enter, or press ? or * to list all spells.
Aiming: Freeze (safe; 1% risk of failure)
Press: ? - help, Shift-Dir - straight line, f/p - steam dragon
Aim: a steam dragon (foul pestilence, almost dead, catching its breath)
You freeze the steam dragon!
You kill the steam dragon!
You are engulfed in a cloud of scalding steam.
You die...
Your body crumbles into a pile of gold.

.##.###[#..##)##... ##
#.###.#..##)#.... . .
#.....##.##.###.# .########.#.##.
#.#.#.##.##.###.#
...<......#.##.##.#......##......
.#.#.####.... ....##............#
............## #......#####.....#
.###.####...##.#..##..#####.....#
.....####...#..§@....§....#.....'
.###....#...#..#..$.#..##.#.....#
...........^#..##.#.#.....#.....#
.###.####...#.# ###.##.##.#.#####
........#.#.# #.##.##.#.#
###.####.#.#.#####.##.##.#.#
#.#.................##.#.#
#................##.####.#####
#.#.##.############...........


There were no monsters in sight!

Vanquished Creatures
  Eustachio (D:6)
  A steam dragon (D:6)
  A water moccasin (D:6)
  A black bear (D:4)
  2 ogres (D:5)
  2 phantoms
  A kobold brigand (D:6)
  4 scorpions
  A howler monkey (D:6)
  2 jellies (D:5)
  An orc priest (D:4)
  5 hounds
  Ijyb (D:5)
  2 iguanas
  2 orc wizards
  Terence (D:3)
  4 gnolls (D:5)
  6 adders
  A white imp (D:6)
  2 worms (D:3)
  A dart slug (D:2)
  8 orcs
  3 bats
  4 endoplasms
  A giant cockroach (D:4)
  12 goblins
  5 hobgoblins
  3 jackals (D:2)
  11 kobolds
  5 quokkas
  6 ball pythons
  5 frilled lizards
  7 rats
112 creatures vanquished.

Notes
Turn   | Place    | Note
-------+----------+-------------------------------------------
     0 | D:1      | croobank the Demonspawn Ice Elementalist began the quest
                  | for the Orb.
     0 | D:1      | Reached XP level 1. HP: 13/13 MP: 3/3
    24 | D:1      | Found Nanof's Book Shop.
    76 | D:1      | Found Wukluor's Assorted Antiques.
   161 | D:1      | Found Byawkuh's Book Shop.
   230 | D:1      | Gained mutation: You regenerate a little health from kills.
                  | [demonic ancestry]
   230 | D:1      | Reached XP level 2. HP: 19/19 MP: 3/5
   502 | D:1      | Found Bogo's Antique Armour Shoppe.
  1319 | D:2      | Gained mutation: You have a pair of small horns on your
                  | head. [demonic ancestry]
  1319 | D:2      | Reached XP level 3. HP: 22/24 MP: 1/6
  1328 | D:2      | Learned a level 3 spell: Frozen Ramparts
  1768 | D:2      | Found a faded altar of an unknown god.
  1768 | D:2      | Noticed a great orb of eyes
  1817 | D:2      | Noticed a shining eye
  1817 | D:2      | Noticed an eye of devastation
  1817 | D:2      | Noticed a golden eye
  2310 | D:3      | Reached skill level 4 in Ice Magic
  2346 | D:3      | Learned a level 3 spell: Ozocubu's Armour
  2359 | D:3      | Gained mutation: You are partially covered in thin metallic
                  | scales. (AC +2) [demonic ancestry]
  2359 | D:3      | Reached XP level 4. HP: 28/31 MP: 3/7
  2433 | D:3      | Found a runed translucent door.
  2434 | D:3      | Noticed Crazy Yiuf
  2637 | D:3      | Reached skill level 1 in Fighting
  2684 | D:3      | Noticed Terence
  2688 | D:3      | HP: 1/32 [Terence/+2 falchion of flaming (2)]
  2703 | D:3      | Killed Terence
  2814 | D:3      | Gained mutation: You have a pair of horns on your head.
                  | [demonic ancestry]
  2814 | D:3      | Reached XP level 5. HP: 33/37 MP: 2/9
  2925 | D:3      | Found Veevif's Jewellery Emporium.
  3148 | D:4      | Noticed a phantom
  3150 | D:4      | Found an ancient bone altar of Kikubaaqudgha.
  3161 | D:4      | Found an iron altar of Okawaru.
  3165 | D:4      | Killed a phantom
  3251 | D:4      | Noticed a black bear
  3266 | D:4      | Killed a black bear
  3267 | D:4      | Reached XP level 6. HP: 41/44 MP: 3/10
  3334 | D:4      | Learned a level 4 spell: Summon Ice Beast
  3866 | D:4      | Reached skill level 1 in Summonings
  4257 | D:5      | Entered Level 5 of the Dungeon
  4301 | D:5      | Found a staircase to the Ecumenical Temple.
  4314 | Temple   | Entered the Ecumenical Temple
  4336 | Temple   | Became a worshipper of Gozag Ym Sagoz the Greedy
  4374 | D:5      | Gained mutation: You may rarely emit foul miasma when
                  | damaged in melee. [demonic ancestry]
  4374 | D:5      | Reached XP level 7. HP: 36/51 MP: 12/12
  4587 | D:5      | Noticed Ijyb
  4601 | D:5      | Killed Ijyb
  4902 | D:5      | Reached skill level 5 in Ice Magic
  5087 | D:5      | Gained mutation: You are mostly covered in thin metallic
                  | scales. (AC +3) [demonic ancestry]
  5087 | D:5      | Reached XP level 8. HP: 48/58 MP: 7/14
  5472 | D:6      | Noticed Eustachio
  5506 | D:6      | Killed Eustachio
  5605 | D:6      | Learned a level 3 spell: Mephitic Cloud
  5826 | D:6      | Engulfed by a cloud of steam

Illustrated notes

Levels and vault maps discovered:
D:1:      minmay_arrival_doors, layout_basic, serial_shops,
          nicolae_shop_crystal, shop, shop, shop, hangedman_decor_peaks_small
D:2:      minmay_skewed_foursquare, layout_loops_corners,
          hellmonk_ecumenical_altar_watching_god, kennysheep_generic_room_11
D:3:      layout_basic, serial_shops, shop, uniq_crazy_yiuf_cottage,
          uniq_terence
D:4:      layout_basic, mainiacjoe_overflow_catch_the_wave, st_stairs_10
D:5:      layout_rooms, minmay_temple_entry_mini_moons, uniq_ijyb
D:6:      layout_basic, gammafunk_ghost_arena, uniq_eustachio
Temple:   dpeg_chambers_temple

Skill      XL: |  1  2  3  4  5  6  7  8 |
---------------+-------------------------+-----
Stealth        | 2 3 4 |  4.6
Dodging        | 2 3 4 |  4.2
Ice Magic      | 4 5 |  5.4
Fighting       | 1 2 3 |  3.8
Spellcasting   | 3 4 |  4.4
Summonings     | 1 3 4 |  4.3
Conjurations   | |  0.3
Air Magic      | |  0.2
Poison Magic   | |  0.3

Action                     |  1- 3 |  4- 6 |  7- 9 || total
---------------------------+-------+-------+-------++-------
  Melee: Dagger            |    37 |    31 |    65 ||   133
         Short sword       |    10 |    49 |       ||    59
         Headbutt          |     5 |    16 |    13 ||    34
         Punch             |     1 |       |       ||     1
   Fire: Sling             |       |     3 |    24 ||    27
   Cast: Freeze            |    36 |     2 |     8 ||    46
         Frozen Ramparts   |     7 |    10 |    18 ||    35
         Ozocubu's Armour  |       |     5 |    12 ||    17
    Use: Scroll            |     8 |     3 |     1 ||    12
         Potion            |     1 |     3 |     1 ||     5
   Stab: Sleeping          |     8 |     6 |     2 ||    16
 Armour: Robe              |    17 |    30 |    34 ||    81
  Dodge: Dodged            |    42 |    39 |    68 ||   149
